Unix NetHack Version 3.7.0-71 Work-in-progress - last build Jan 31 2023 02:41:03 (7ba98a1283f2b7cec35fde026edb48fc825ab8ae,branch:master). Game began 2023-02-05 04:32:32, ended 2023-02-05 04:57:59. nmlkj, chaotic male human Wizard ----- --- ----...| --.---....*.| --..........-- |..*......^-- |.......---- |.......--- --.--...).-- ---|.......- |... )@.. ----... .... |.....- ........ |..... .[....... --............--<. ---....|.......----. |...|.----....- |..---- |..--- ---- ---- Nmlkj the Conjurer St:12 Dx:11 Co:15 In:17 Wi:12 Ch:10 Chaotic S:984 Dlvl:4 $:24 HP:0(43) Pw:39(43) AC:6 Xp:5/200 T:1395 Satiated Latest messages: With great effort you move the boulder. In what direction? j The boulder falls apart. You see here 9 rocks. A board beneath you squeaks a G sharp loudly. In what direction? l That is a squeaky board. You are almost hit by an arrow. You see here an arrow. You are hit by an arrow. The phial crashes on your head and breaks into shards. The ruby potion evaporates. You feel somewhat dizzy. Call a ruby potion: The gnome lord hits! You miss the gnome lord. You feel less confused now. You hit the gnome lord. The gnome lord hits! You miss the gnome lord. The gnome lord hits! You hit the gnome lord. The gnome lord hits! You hit the gnome lord. The gnome lord hits! You hit the gnome lord. The gnome lord hits! You hit the gnome lord. The gnome lord hits! You hit the gnome lord. The gnome lord hits! You hit the gnome lord. The arrow misses the gnome lord. You are hit by an arrow! The gnome lord hits! Are you sure you want to pray? [yn] (n) y You begin praying to Anhur. The gnome lord hits! You finish your prayer. You feel that Anhur is displeased. What do you want to drink? In what direction? h The spell hits the gnome lord! The gnome lord resists! You kill the gnome lord! You see here a gnome lord corpse. There is a gnome lord corpse here; eat it? [ynq] (n) y This gnome lord corpse tastes terrible! You are hit by an arrow! You die... Inventory: Coins $ - 24 gold pieces Weapons N - a +0 flail a - a blessed +1 quarterstaff named Nmlkj (weapon in hands) Armor B - a cursed -1 dwarvish iron helm (being worn) P - an uncursed +0 pair of iron shoes (being worn) b - an uncursed +0 cloak of magic resistance named Nmlkj (being worn) Comestibles z - an uncursed food ration u - 2 uncursed tripe rations t - an uncursed lichen corpse Scrolls l - a blessed scroll of blank paper H - an uncursed scroll of destroy armor L - an uncursed scroll of light Q - a cursed scroll of magic mapping s - an uncursed scroll of taming p - an uncursed scroll of teleportation Spellbooks k - a blessed spellbook of force bolt m - an uncursed spellbook of sleep Potions f - an uncursed potion of booze r - a blessed potion of monster detection j - an uncursed potion of monster detection D - an uncursed potion of oil Rings d - an uncursed ring of sustain ability e - an uncursed ring of teleportation Wands F - a wand of enlightenment (0:13) q - a wand of light (0:10) c - a wand of slow monster (0:4) Tools y - an empty cursed sack named Nmlkj o - a cursed expensive camera named Nmlkj (0:47) I - an uncursed leash n - a cursed oil lamp named Magic Djinn... Gems/Stones A - an uncursed agate stone M - an uncursed citrine stone J - an uncursed worthless piece of black glass C - 2 uncursed worthless pieces of green glass K - 2 uncursed worthless pieces of orange glass O - an uncursed worthless piece of red glass G - an uncursed worthless piece of violet glass Nmlkj the Wizard's attributes: Background: You were a Conjurer, a level 5 male human Wizard. You were chaotic, on a mission for Anhur who was opposed by Ptah (lawful) and Thoth (neutral). You were in the Gnomish Mines, on level 4. You entered the dungeon 1395 turns ago. It was nighttime. There was a full moon in effect when your adventure ended. You had 200 experience points, 120 more were needed to attain level 6. Your score was 984 before end-of-game adjustments. Basics: You had 0 out of 43 hit points. You had 39 out of 43 energy points (spell power). Your armor class was 6. Your wallet contained 24 zorkmids. Autopickup was on for '$' plus thrown. Final Characteristics: Your strength was 12 (limit:18/100). Your dexterity was 11 (limit:18). Your constitution was 15 (limit:18). Your intelligence was 17 (limit:18). Your wisdom was 12 (limit:18). Your charisma was 10 (limit:18). Final Status: You were satiated. You were unencumbered. You were wielding a quarterstaff. You had basic skill with quarterstaff. Final Attributes: You were devoutly aligned. You were magic-protected. You were warded. You were unlucky. Anhur was angry with you. You are dead. Miscellaneous: You disabled loading of bones levels. Total elapsed playing time was 25 minutes and 27 seconds. Major events: Turn 1: nmlkj the chaotic male human Wizard entered the dungeon 287: entered the Gnomish Mines 471: attained the rank of Conjurer (level 3) 1395: killed by an arrow Vanquished creatures: 2 gnome leaders 4 dwarves 2 orc zombies an acid blob a giant rat a green mold 11 gnomes 2 geckos a jackal a fox a kobold 2 goblins 2 grid bugs 2 lichens a kobold zombie 2 newts 36 creatures vanquished. No species were genocided or became extinct. Voluntary challenges: You read items or engraved 6 times. You engraved Elbereth 3 times. You never genocided any monsters. You never polymorphed an object. You never changed form. You used no wishes. Achievements: You entered the Gnomish Mines. You attained the rank of Conjurer. You entered a shop. The Dungeons of Doom: levels 1 to 3 Level 1: A fountain. Level 2: A jewelers, a grave. Stairs down to The Gnomish Mines. Level 3: The Gnomish Mines: levels 3 to 4 Level 3: Level 4: <- You were here. Final resting place for you, killed by an arrow. Game over: ---------- / \ / REST \ / IN \ / PEACE \ / \ | nmlkj | | 24 Au | | killed by an | | arrow | | | | | | 2023 | *| * * * | * _________)/\\_//(\/(/\)/\//\/|_)_______ Goodbye nmlkj the Wizard... You died in The Gnomish Mines on dungeon level 4 with 982 points, and 24 pieces of gold, after 1395 moves. You were level 5 with a maximum of 43 hit points when you died.